 Dungeon Crawl Stone Soup version 0.27-a0-1296-g8ece459b43 (console) character file.

Game seed: 2071251664738999154

45 Hector the Cutter (level 3, -5/22 HPs)
             Began as a Deep Elf Abyssal Knight on June 16, 2021.
             Was a Follower of Lugonu.
             Killed by nerve-wracking pain
             ... invoked by Jessica
              (9 damage)
             ... on level 2 of the Dungeon.
             The game lasted 00:04:28 (1821 turns).

Hector the Cutter (Deep Elf Abyssal Knight)         Turns: 1821, Time: 00:04:28

Health: -5/22      AC:  3    Str:  9    XL:     3   Next: 42%
Magic:  7/7        EV: 16    Int: 17    God:    Lugonu [*.....]
Gold:   127        SH:  5    Dex: 14    Spells: 5/5 levels left

rFire    . . .     SeeInvis .   a - +1 short sword
rCold    . . .     Faith    .   (no shield)
rNeg     . . .     Spirit   .   b - +0 leather armour
rPois    .         Reflect  +   (no helmet)
rElec    .         Harm     .   (no cloak)
rCorr    .         Rampage  .   (no gloves)
Will     .....                  (no boots)
Stlth    +.........             j - amulet of reflection
HPRegen  0.07/turn              E - +4 ring of evasion
MPRegen  0.10/turn              (no ring)

@: flying, hasted, very quick
A: no striking features
a: Renounce Religion, Depart the Abyss


You were on level 2 of the Dungeon.
You worshipped Lugonu.
Lugonu was aware of your devotion.
You visited 1 branch of the dungeon, and saw 2 of its levels.
You visited the Abyss 1 time.

You collected 127 gold pieces.

Inventory:

Hand Weapons
 a - a +1 short sword (weapon)
 m - a +0 spear
Missiles
 c - 63 stones
 e - 20 sling bullets
Armour
 b - a +0 leather armour (worn)
 i - a +0 buckler
 k - a +0 kite shield
Jewellery
 j - an amulet of reflection (around neck)
 E - a +4 ring of evasion (left hand)
Scrolls
 d - a scroll of immolation {unknown}
 g - 2 scrolls of enchant armour {unknown}
 l - a scroll of identify {unknown}
Potions
 f - a potion of flight


   Skills:
 - Level 2.4 Fighting
 * Level 3.5 Short Blades
 - Level 0.7 Armour
 - Level 2.4 Dodging
 * Level 1.9 Spellcasting
 - Level 2.0 Invocations


You had 5 spell levels left.
You didn't know any spells.
Your spell library was empty.

Dungeon Overview and Level Annotations

Branches:
Dungeon (2/15)

Altars:

Annotations:
D:2 Jessica


Message History

The goblin hits you with a +0 club.
You closely miss the goblin.
The goblin is moderately wounded.
You block the goblin's attack.
You miss the goblin.
The goblin is moderately wounded.
The goblin closely misses you.
You hit the goblin.
You kill the goblin!
Lugonu accepts your kill.
Jessica points at you and mumbles some strange words.
Pain shoots through your body! Jessica hits you with a +0 club.
You see here a +0 club.
You closely miss Jessica. Jessica barely misses you.
You hit Jessica.
Jessica is lightly wounded.
Jessica drinks a potion.
Jessica seems to grow stronger.
You closely miss Jessica.
Jessica is lightly wounded.
Jessica barely misses you.
You hit Jessica.
Jessica is moderately wounded.
Jessica hits you with a +0 club.
* * * LOW HITPOINT WARNING * * *
You completely miss Jessica.
Jessica is moderately wounded.
Jessica hits you with a +0 club.
* * * LOW HITPOINT WARNING * * *
It was a potion of flight.
You feel very buoyant.
You fly up into the air.
Jessica closely misses you.
It was a potion of haste.
You feel yourself speed up. Jessica completely misses you.
You hit Jessica but do no damage.
Jessica is lightly wounded.
Jessica mumbles something strange.
Jessica casts a spell at you. Pain shoots through your body!
You die...

.......... #.#
#...##.#
.........# #.#
#.####.#
#.......## #.#
#.# #.#
##.....## #.#
#.# ... ##...##
#<# #.# #.##
###.####.# .#
##........#
#####....######
..........@.#
####..<###@#
##### #.# #..
#.## #.# ..#
..# ยง.#


You could see Jessica (strong).

Vanquished Creatures
  An adder (D:2)
  A bat (D:1)
  4 endoplasms
  A giant cockroach (D:1)
  2 hobgoblins
  8 jackals
  3 kobolds
  A quokka (D:1)
  2 ball pythons (D:1)
  2 frilled lizards (D:1)
  5 goblins
  A rat (D:1)
31 creatures vanquished.

Notes
Turn   | Place    | Note
-------+----------+-------------------------------------------
     0 | Abyss:1  | Hector the Deep Elf Abyssal Knight began the quest for the
                  | Orb.
     0 | Abyss:1  | Reached XP level 1. HP: 13/13 MP: 4/4
    49 | Abyss:1  | Found an iron altar of Okawaru.
    70 | Abyss:1  | Noticed a tentacled starspawn
    71 | D:1      | Escaped the Abyss
   200 | D:1      | Reached * piety under Lugonu
   203 | D:1      | Reached skill level 1 in Spellcasting
   766 | D:1      | Reached XP level 2. HP: 14/18 MP: 6/6
   968 | D:1      | Found a faded altar of an unknown god.
  1568 | D:2      | Reached skill level 3 in Short Blades
  1669 | D:2      | Reached XP level 3. HP: 20/22 MP: 7/7
  1797 | D:2      | Noticed Jessica
  1821 | D:2      | Killed from afar by Jessica

Illustrated notes

Levels and vault maps discovered:
D:1:      minmay_arrival_arboretum_small, layout_loops_ring,
          chequers_ecumenical_altar_simple_redux, st_stairs_2,
          wander_ebering_terrifying_dragon_lair
D:2:      layout_loops_ring, st_stairs_4, chequers_serial_rivers_micro_a,
          uniq_jessica

Skill      XL: |  1  2 |
---------------+-------+-----
Spellcasting   | 1 |  1.9
Short Blades   | 3 |  3.5
Fighting       | |  2.4
Armour         | |  0.7
Dodging        | |  2.4
Invocations    | |  2.0

Action                   || total
-------------------------++-------
Melee: Short sword       ||   133
Invok: Depart the Abyss  ||     1
  Use: Potion            ||     3
Armor: Leather armour    ||    16
Dodge: Dodged            ||    89
Block: Other             ||     6
       Reflection        ||     1

Table legend: (Time is in decaauts)
 A = Elapsed time spent in this place.
 B = Non-inter-level travel time spent in this place.
 C = Inter-level travel time spent in this place.
 D = Time resting spent in this place.
 E = Time spent auto-exploring this place.
 F = Levels seen in this place.
 G = Mean time per level.
                   A        B        C        D        E       F      G
               +--------+--------+--------+--------+--------+-----+--------+
         Total |   1818 |   1728 |     90 |    433 |    955 |   3 |  606.0 |
       Dungeon |   1745 |   1655 |     90 |    433 |    887 |   2 |  872.5 |
         Abyss |     72 |     72 |      0 |      0 |     68 |   1 |   72.0 |
               +--------+--------+--------+--------+--------+-----+--------+

Top non-repeatable levels by time:
     D:1: 1477 daAuts
     D:2: 268 daAuts
 Abyss:1: 72 daAuts
